 Dungeon Crawl Stone Soup version 0.20.1-1-g8b1a95d (webtiles) character file.

258 Knicklaso the Slinger (level 6, -5/39 HPs)
             Began as a Halfling Hunter on July 15, 2017.
             Slain by a gnoll
             ... wielding a +0 spear
              (9 damage)
             ... on level 4 of the Dungeon.
             The game lasted 00:09:12 (2805 turns).

Knicklaso the Slinger (Halfling Hunter)             Turns: 2805, Time: 00:09:13

Health: -5/39      AC:  5    Str: 14    XL:     6   Next: 40%
Magic:  6/6        EV: 14    Int: 14    God:
Gold:   198        SH:  0    Dex: 16    Spells: 5/5 levels left

rFire    . . .     SeeInvis .   g - +0 short sword (holy)
rCold    . . .     Gourm    .   (shield restricted)
rNeg     . . .     Faith    .   t - +0 leather armour (curse)
rPois    .         Spirit   .   b - +1 hat
rElec    .         Reflect  .   x - +0 cloak
rCorr    .         Harm     .   (no gloves)
MR       .....                  (no boots)
Stlth    ++........             (no amulet)
Regen    0.2/turn               (no ring)
MPRegen  0.1/turn               (no ring)

@: brilliant, lethally poisoned (-5 -> -20)
A: mutation resistance 1
a: no special abilities


You were on level 4 of the Dungeon.
You were very hungry.

You visited 1 branch of the dungeon, and saw 4 of its levels.

You collected 198 gold pieces.

Inventory:

Hand Weapons
 a - a +1 hunting sling
 g - a +0 short sword of holy wrath (weapon)
Missiles
 d - 7 sling bullets
 i - 120 stones (quivered)
Armour
 b - a +1 hat (worn)
 c - a +0 leather armour
 t - a cursed +0 leather armour (worn)
 x - a +0 cloak (worn)
Scrolls
 j - 3 scrolls of recharging {unknown}
 k - a scroll of amnesia {unknown}
 m - 2 scrolls of identify {unknown}
 o - 3 scrolls of blinking {unknown}
 s - a scroll of enchant armour {unknown}
 w - a scroll of noise {unknown}
Potions
 n - a potion of heal wounds {unknown}
 p - a potion of might {unknown}
 q - a potion of cancellation {unknown}
 u - a potion of curing {unknown}
 v - a potion of lignification {unknown}
 z - a potion of invisibility {unknown}
Comestibles
 f - 3 bread rations
 h - 2 royal jellies
 l - 6 meat rations
 r - 3 fruits


   Skills:
 - Level 1.7 Fighting
 - Level 10.1 Slings
 - Level 2.1 Dodging
 * Level 1.9 Stealth


You had 5 spell levels left.
You didn't know any spells.

Dungeon Overview and Level Annotations

Branches:
Dungeon (4/15)
 Temple: D:4-7

Altars:
Ashenzari
Cheibriados
Elyvilon
Fedhas
Gozag
Kikubaaqudgha
Trog


Innate Abilities, Weirdness & Mutations

You are small and have problems with some larger weapons.
You are somewhat resistant to further mutation.


Message History

You feel sick. The worker ant bites you.
You are more poisoned.
The worker ant poisons you!
You hit the worker ant.
You kill the worker ant!
You feel sick.
The gnoll rages.
The gnoll hits you with a spear.
You hit the gnoll.
The gnoll is lightly wounded.
You feel sick. The gnoll closely misses you.
You hit the gnoll but do no damage.
The gnoll is lightly wounded.
You feel sick. The gnoll barely misses you. The gnoll hits you with a spear!
* * * LOW HITPOINT WARNING * * *
It was a potion of brilliance.
You feel clever all of a sudden.
* * * LOW HITPOINT WARNING * * *
You feel sick. The gnoll hits you with a spear!
You die...

......#.# ## ####.##.#
..##.##.# #.##.##.#
#.##.##.########
#.##.##........# ### ####
#.##.##..#####.# ##.#.....
#.##.##..#...#.###..'.((...
#.##.##.........@g.<#....._
#.##.###.#...#.############
#.#..# #.#####.# ####
#.#.## #.......# ...# ..#.#
######### #..# ###.# #..# #
#.# #..# # #.# #..# ###.#
#..#


You could see a gnoll (berserk).

Vanquished Creatures
  A phantom (D:4)
  A hound (D:3)
  A bullfrog skeleton (D:3)
  A worker ant (D:4)
  3 adders (D:3)
  2 worms
  3 dart slugs
  2 leopard geckos (D:2)
  2 orcs (D:3)
  A ball python (D:3)
  A giant cockroach (D:3)
  5 goblins
  4 hobgoblins
  A quokka (D:3)
  3 bats (D:1)
  3 frilled lizards
  7 kobolds
  13 rats
54 creatures vanquished.

Notes
Turn   | Place    | Note
-------+----------+-------------------------------------------
     0 | D:1      | Knicklaso the Halfling Hunter began the quest for the Orb.
     0 | D:1      | Reached XP level 1. HP: 14/14 MP: 1/1
     3 | D:1      | Noticed an electric eel
     3 | D:1      | Noticed an electric eel
    72 | D:1      | Reached skill level 6 in Slings
   288 | D:1      | Reached XP level 2. HP: 19/19 MP: 2/2
   829 | D:1      | Reached skill level 7 in Slings
   829 | D:1      | Reached XP level 3. HP: 24/24 MP: 3/3
   958 | D:2      | Found a shattered altar of Ashenzari.
  1746 | D:3      | Found a snail-covered altar of Cheibriados.
  1758 | D:3      | Found a white marble altar of Elyvilon.
  1759 | D:3      | Found an ancient bone altar of Kikubaaqudgha.
  1767 | D:3      | Found an opulent altar of Gozag.
  1779 | D:3      | Found a blossoming altar of Fedhas.
  1788 | D:3      | Reached skill level 8 in Slings
  1788 | D:3      | Reached XP level 4. HP: 29/29 MP: 4/4
  1804 | D:3      | Found a faded altar of an unknown god.
  2017 | D:3      | Reached XP level 5. HP: 34/34 MP: 5/5
  2055 | D:3      | Reached skill level 9 in Slings
  2451 | D:4      | Noticed a phantom
  2472 | D:4      | Killed a phantom
  2472 | D:4      | Reached skill level 10 in Slings
  2472 | D:4      | Reached XP level 6. HP: 39/39 MP: 6/6
  2785 | D:4      | Found a bloodstained altar of Trog.
  2805 | D:4      | Slain by a gnoll

Skill      XL: |  1  2  3  4  5 |
---------------+----------------+-----
Slings         | 6 7 8 10 | 10.1
Fighting       | |  1.7
Dodging        | |  2.1
Stealth        | |  1.9

Action                   |  1- 3 |  4- 6 || total
-------------------------+-------+-------++-------
Melee: Short sword       |     6 |    22 ||    28
 Fire: Hunting sling     |    66 |    61 ||   127
  Use: Potion            |       |     1 ||     1
  Eat: Chunk             |     2 |     2 ||     4
Armor: Leather armour    |     1 |     7 ||     8
Dodge: Dodged            |     9 |    16 ||    25
